 Dungeon Crawl Stone Soup version 0.30.0-10-gfe55d96785 (webtiles) character file.

Game seed: 8148124464276628086

338 NateTC the Digger (level 6, -4/48 HPs)
             Began as a Draconian Earth Elementalist on May 15, 2023.
             Was a Believer of Nemelex Xobeh.
             Killed from afar by Blork the orc (6 damage)
             ... with a puff of flame
             ... on level 5 of the Dungeon.
             The game lasted 00:11:06 (4111 turns).

NateTC the Digger (Draconian Earth Elementalist)    Turns: 4111, Time: 00:11:07

Health: -4/48      AC:  8    Str: 11    XL:     6   Next: 29%
Magic:  1/10       EV: 12    Int: 17    God:    Nemelex Xobeh [**....]
Gold:   258        SH:  0    Dex: 11    Spells: 7/11 levels left

rFire   . . .        (no weapon)
rCold   . . .        (no shield)
rNeg    . . .        (body armour unavailable)
rPois   .            (helmet restricted)
rElec   .            (no cloak)
rCorr   +            (no gloves)
SInv    .            e - +1 pair of boots of Curiosity {rCorr}
Will    .....        (no amulet)
Stlth   ++           (no ring)
HPRegen 0.28/turn    (no ring)
MPRegen 0.12/turn

%: no passive effects
@: no status effects
A: AC +6, unfitting armour, cold-blooded
a: Renounce Religion, Draw Escape, Draw Destruction, Draw Summoning


You were on level 5 of the Dungeon.
You worshipped Nemelex Xobeh.
Nemelex Xobeh was pleased with you.
You visited 1 branch of the dungeon, and saw 5 of its levels.

You collected 258 gold pieces.

Inventory:

Armour
 e - the +1 pair of boots of Curiosity (worn) {rCorr}
   (You found it on level 4 of the Dungeon)

   rCorr:     It protects you from acid and corrosion.
Scrolls
 j - 3 scrolls of teleportation
Potions
 a - a potion of magic
 c - 3 potions of might
 f - a potion of attraction
 g - 2 potions of ambrosia
 h - a potion of curing {unknown}
 i - a potion of cancellation


   Skills:
 * Level 2.2 Fighting
 - Level 1.7 Dodging
 - Level 1.7 Stealth
 + Level 3.1 Spellcasting
 - Level 4.1 Conjurations
 - Level 1.0 Transmutations
 - Level 4.2 Earth Magic


You had 7 spell levels left.
You knew the following spells:

 Your Spells              Type           Power      Damage    Failure   Level
a - Sandblast             Erth           34%        2d9       3%          1
b - Stone Arrow           Conj/Erth      32%        3d9       10%         3

Your spell library contained the following spells:

 Spells                   Type           Power      Damage    Failure   Level
 Passwall                 Tmut/Erth      9%         N/A       9%          2
 Lesser Beckoning         Tloc           4%         N/A       26%         2
 Gell's Gravitas          Tloc           2%         N/A       45%         3
 Teleport Other           Tloc           2%         N/A       45%         3
 Petrify                  Tmut/Erth      11%        N/A       52%         4


Dungeon Overview and Level Annotations

Branches:
Dungeon (5/15) Zot: 25817
 Temple: D:4-7

Altars:
Nemelex Xobeh
Trog
Uskayaw

Annotations:
D:5 Blork the orc


Innate Abilities, Weirdness & Mutations

Your plain brown scales are hard. (AC +6)
You cannot fit into any form of body armour.
You are cold-blooded and may be slowed by cold attacks.


Message History

The white imp hits you but does no damage.
Casting: Sandblast (safe; 3% risk of failure)
Confirm with . or Enter, or press ? or * to list all spells.
Aiming: Sandblast (safe; 3% risk of failure)
Press: ? - help, Shift-Dir - straight line, f/p - white imp
Aim: a white imp (almost dead, 82% to hit)
The blast of sand hits the white imp.
You kill the white imp!
Blork the orc hits you from afar with a +1 halberd of holy wrath!
Blork the orc hits you but does no damage.
Blork the orc misses you.
Blork the orc casts a cantrip, but nothing happens.
Blork the orc casts a cantrip, but nothing happens.
Blork the orc gestures at you while chanting.
The puff of flame hits you. Blork the orc casts a spell at you.
The puff of frost hits you.
* * * LOW HITPOINT WARNING * * *
Blork the orc repeatedly yells encouragement to no one in particular.
Casting: Sandblast (safe; 3% risk of failure)
Confirm with . or Enter, or press ? or * to list all spells.
You don't know that spell.
Casting: Sandblast (safe; 3% risk of failure)
Confirm with . or Enter, or press ? or * to list all spells.
Aiming: Sandblast (safe; 3% risk of failure)
Press: ? - help, Shift-Dir - straight line, f - Blork the orc
Aim: Blork the orc, wielding a +1 halberd of holy wrath and wearing a +0 robe (moderately wounded, fast, 84% to hit)
The blast of sand hits Blork the orc!
Blork the orc is heavily wounded.
Blork the orc closely misses you. x2
Blork the orc hits you from afar with a +1 halberd of holy wrath!
* * * LOW HITPOINT WARNING * * *
Okay, then.
Okay, then.
You draw a card...
You have drawn the Cloud.
Clouds appear around you! Blork the orc misses you.
Blork the orc gestures at you while chanting.
The puff of flame hits you.
You die...
Your body disappears without a glow.

#.#####.......
#.# .##....
#.# .# #.# #.#
.# # #.# .#
#o# .# #ยง# .#
#.# ###@###
#.....#
#.....#
#.....#
#.....#
#.....#
###.### #.#
#<#


You could see Blork the orc (fast).

Vanquished Creatures
  A water moccasin (D:5)
  A scorpion (D:4)
  A hound (D:4)
  4 adders
  A white imp (D:5)
  3 worms
  3 dart slugs (D:1)
  10 orcs
  4 bats
  6 endoplasms
  4 giant cockroaches
  4 goblins
  5 hobgoblins
  7 jackals (D:1)
  5 quokkas
  7 ball pythons
  3 frilled lizards
  5 kobolds
  7 rats
81 creatures vanquished.

Notes
Turn   | Place    | Note
-------+----------+-------------------------------------------
     0 | D:1      | NateTC the Draconian Earth Elementalist began the quest for
                  | the Orb.
     0 | D:1      | Reached XP level 1. HP: 14/14 MP: 3/3
   200 | D:1      | Reached skill level 1 in Conjurations
   203 | D:1      | Reached XP level 2. HP: 20/20 MP: 0/5
   477 | D:1      | Reached XP level 3. HP: 26/26 MP: 3/6
   591 | D:1      | You fall into a shaft and drop 1 floor!
   591 | D:2      | Found a faded altar of an unknown god.
   596 | D:2      | Prayed at the altar of an unknown god.
   596 | D:2      | Became a worshipper of Nemelex Xobeh the Trickster
   596 | D:2      | Reached * piety under Nemelex Xobeh
   652 | D:2      | Learned a level 3 spell: Stone Arrow
   713 | D:2      | Received a gift from Nemelex Xobeh
  1964 | D:2      | Reached ** piety under Nemelex Xobeh
  2110 | D:2      | Reached XP level 4. HP: 33/33 MP: 5/7
  2347 | D:3      | Found a hide-covered altar of Uskayaw.
  2347 | D:3      | Found a bloodstained altar of Trog.
  3244 | D:4      | Found a sparkling altar of Nemelex Xobeh.
  3263 | D:4      | Noticed a scorpion
  3266 | D:4      | Reached XP level 5. HP: 38/38 MP: 3/9
  3495 | D:4      | Identified the +1 pair of boots of Curiosity {rCorr}
  3671 | D:4      | Received a gift from Nemelex Xobeh
  3938 | D:5      | Entered Level 5 of the Dungeon
  3943 | D:5      | Noticed a water moccasin
  3953 | D:5      | Killed a water moccasin
  3954 | D:5      | Reached XP level 6. HP: 19/48 MP: 0/10
  4087 | D:5      | Noticed Blork the orc
  4109 | D:5      | HP: 2/48 [Blork the orc/+1 halberd of holy wrath (12)]
  4111 | D:5      | Killed from afar by Blork the orc

Illustrated notes

Levels and vault maps discovered:
D:1:      dpeg_arrival_three_same_balls, layout_basic, dreamdust_wishing_well,
          grunt_decor_arrowhead
D:2:      layout_basic, chequers_ecumenical_altar_simple, minmay_tetromino_i4
D:3:      layout_loops_ring, jmf_multi_god_temple, dk_noncrumbling_4,
          nrook_mini_vaults
D:4:      layout_cave_pools, nemelex_spade_bored_becter
D:5:      wad_crossroads, layout_loops_ring, minmay_temple_entry_ruins,
          uniq_blork_the_orc

Skill      XL: |  1  2  3  4  5 |
---------------+----------------+-----
Conjurations   | 1 2 3 4 |  4.1
Earth Magic    | 4 |  4.2
Fighting       | 2 |  2.2
Spellcasting   | 3 |  3.1
Dodging        | |  1.7
Stealth        | |  1.7
Transmutations | |  1.0

Action                     |  1- 3 |  4- 6 || total
---------------------------+-------+-------++-------
  Melee: Unarmed           |    35 |     8 ||    43
         Tailslap          |     5 |       ||     5
         Punch             |     1 |       ||     1
   Cast: Sandblast         |    68 |    68 ||   136
         Stone Arrow       |       |     9 ||     9
 Invoke: Draw Destruction  |       |     2 ||     2
         Draw Escape       |       |     1 ||     1
    Use: Scroll            |     4 |     9 ||    13
 Armour: Skin              |    29 |    25 ||    54
  Dodge: Dodged            |    47 |    34 ||    81
